 Dungeon Crawl Stone Soup version 0.22-a0-395-gfed312b (webtiles) character file.

109 Serpenta the Chopper (level 4, -1/35 HPs)
             Began as a Mummy Chaos Knight on May 3, 2018.
             Slain by Natasha (3 damage)
             ... on level 2 of the Dungeon.
             The game lasted 00:01:33 (1718 turns).

Serpenta the Chopper (Mummy Chaos Knight)           Turns: 1718, Time: 00:01:34

Health: -1/35      AC:  8    Str: 16    XL:     4   Next: 60%
Magic:  4/4        EV:  6    Int: 11    God:    Xom [..*...]
Gold:   41         SH:  0    Dex: 11    Spells: 3/3 levels left

rFire    x . .     SeeInvis .   a - +0 hand axe (chaos)
rCold    + . .     Gourm    .   (no shield)
rNeg     + + +     Faith    .   e - +0 chain mail
rPois    ∞         Spirit   .   (no helmet)
rElec    .         Reflect  .   (no cloak)
rCorr    .         Harm     .   (no gloves)
MR       .....                  (no boots)
Stlth    ..........             (no amulet)
HPRegen  0.11/turn              (no ring)
MPRegen  0.09/turn              (no ring)

@: no status effects
A: no food or potions, fire vulnerability, cold resistance 1, negative energy
resistance 3, torment resistance, unbreathing
a: Renounce Religion


You were on level 2 of the Dungeon.
You worshipped Xom.
You were a toy of Xom.
You were not hungry.

You visited 1 branch of the dungeon, and saw 2 of its levels.

You collected 41 gold pieces.


Innate Abilities, Weirdness & Mutations

You do not eat or drink.
Your flesh is vulnerable to fire.
You are immune to poison.
Your flesh is cold resistant. (rC+)
You are immune to negative energy. (rN+++)
You are immune to unholy pain and torment.
You can survive without breathing.


   Skills:
 - Level 3.0 Fighting
 + Level 4.5 Axes
 - Level 1.5 Armour
 - Level 0.7 Dodging


You had 3 spell levels left.
You didn't know any spells.

Action                   |  1- 3 |  4- 6 || total
-------------------------+-------+-------++-------
Melee: Hand axe          |    88 |    52 ||   140
 Stab: Invisible         |     2 |       ||     2
       Paralysed         |     3 |       ||     3
Armor: Leather armour    |    29 |       ||    29
       Chain mail        |    29 |    18 ||    47
Dodge: Dodged            |    40 |    18 ||    58

Inventory:

Hand Weapons
 a - a +0 hand axe of chaos (weapon)
Missiles
 c - 4 tomahawks (quivered)
Armour
 e - a +0 chain mail (worn)
Scrolls
 b - a scroll of fear {unknown}
 d - a scroll of identify {unknown}

...#.......# .# ##.....##
###.#### ........ ........
# ##.##### ####. #
......#####################
..........@h...............
......###############....##
..... #....## .... #......
... #...... .. #...... #
#...... #....## ######


You could see Natasha.

Vanquished Creatures
  Natasha (D:2)
  5 adders (D:2)
  2 oozes (D:2)
  A worm (D:2)
  A dart slug (D:2)
  A giant cockroach (D:2)
  5 goblins
  A hobgoblin (D:1)
  3 jackals (D:1)
  2 bats (D:1)
  A frilled lizard (D:1)
  5 kobolds
  3 rats (D:2)
31 creatures vanquished.

Vault maps used:
D:1:      eino_arrival_water_cross
D:2:      old_standard_altar, grunt_temple_overflow_open, uniq_terence,
          uniq_natasha


Message History

Natasha is moderately wounded.
Natasha claws you.
You closely miss Natasha.
Natasha is moderately wounded.
Natasha claws you.
* * * LOW HITPOINT WARNING * * *
You hit Natasha but do no damage.
Natasha is moderately wounded.
Natasha mumbles some strange words.
Natasha shimmers violently.
Natasha claws you.
* * * LOW HITPOINT WARNING * * *
You hit Natasha but do no damage.
Natasha is moderately wounded.
Natasha claws you.
* * * LOW HITPOINT WARNING * * *
You hit Natasha. You burn Natasha.
Natasha is heavily wounded.
Natasha claws you.
You die...

Notes
Turn   | Place    | Note
-------+----------+-------------------------------------------
     0 | D:1      | Serpenta the Mummy Chaos Knight began the quest for the Orb.
     0 | D:1      | Reached XP level 1. HP: 18/18 MP: 1/1
   160 | D:1      | XOM: harmless Conj miscast
   196 | D:1      | XOM: divination: magic mapping
   336 | D:1      | Reached skill level 3 in Axes
   336 | D:1      | Reached XP level 2. HP: 20/24 MP: 2/2
   338 | D:1      | XOM: potion effect (invisibility)
   861 | D:2      | Reached XP level 3. HP: 28/29 MP: 3/3
  1008 | D:2      | XOM: medium Air miscast
  1096 | D:2      | Reached skill level 4 in Axes
  1327 | D:2      | XOM: cloud trail
  1521 | D:2      | Found an ancient bone altar of Kikubaaqudgha.
  1527 | D:2      | Reached XP level 4. HP: 35/35 MP: 4/4
  1673 | D:2      | XOM: noise
  1674 | D:2      | Noticed Natasha
  1676 | D:2      | XOM: harmless Ice miscast
  1693 | D:2      | Killed Natasha
  1704 | D:2      | Noticed Natasha
  1718 | D:2      | Slain by Natasha
